 Dungeon Crawl Stone Soup version 0.15.2 (webtiles) character file.

1 magipi the Chopper (level 1, 0/18 HPs)
             Began as a Hill Orc Skald on Aug 28, 2015.
             Slain by a kobold (3 damage)
             ... on Level 1 of the Dungeon.
             The game lasted 00:00:33 (49 turns).

magipi the Chopper (Hill Orc Skald)                   Turns: 49, Time: 00:00:33

HP   0/18        AC  3     Str 14      XL: 1   Next: 20%
MP   1/2         EV 10     Int 12      God:
Gold 0           SH  0     Dex 10      Spells:  1 memorised,  2 levels left

rFire  . . .     SeeInvis .     a - +0 hand axe
rCold  . . .     Clarity  .     b - +0 leather armour
rNeg   . . .     rCorr    .     (no shield)
rPois  .         rRot     .     (no helmet)
rElec  .         Spirit   .     (no cloak)
SustAb .         Warding  .     (no gloves)
rMut   .         Stasis   .     (no boots)
Gourm  .                        (no amulet)
MR     .....                    (no ring)
                                (no ring)

@: not resistant to hostile enchantments, very unstealthy
A: no striking features
a: no special abilities


You were on level 1 of the Dungeon.
You were not hungry.

You visited 1 branch of the dungeon, and saw 1 of its levels.

Inventory:

Hand weapons
 a - a +0 hand axe (weapon)
Armour
 b - a +0 leather armour (worn)
Comestibles
 d - a meat ration
Books
 c - a book of Battle

   Spells                             Type                      Level
   *Infusion                          Charms                       1
   Shroud of Golubria                 Charms/Translocation         2
   Song of Slaying                    Charms                       2
   Spectral Weapon                    Hexes/Charms                 3
   Regeneration                       Charms/Necromancy            3


   Skills:
 - Level 2.4 Fighting
 + Level 2.9 Axes
 - Level 1.1 Armour
 - Level 0.7 Dodging
 - Level 1.5 Spellcasting
 - Level 2.6 Charms


You had 2 spell levels left.
You knew the following spells:

 Your Spells              Type           Power        Failure   Level  Hunger
a - Infusion              Chrm           #.....       12%         1    ##.....


Dungeon Overview and Level Annotations

Branches:
Dungeon (1/15)

Altars:

Vault maps used:
D:1:      sevenhm_arrival_forest_fort_small_6, minmay_misc_feat_doors


Message History

Spell assigned to 'a'.
Welcome, magipi the Hill Orc Skald.
The bosom of this dungeon contains the most powerful artefact, the Orb of Zot.
Press ? for a list of commands and other information.
Found a staircase leading out of the dungeon.
Unknown command.
As you open the huge gate, it creaks loudly!
There is a huge open gate here.
A kobold comes into view. It is wielding a short sword.
The kobold shouts!
A rat comes into view.
A kobold comes into view.
The kobold shouts!
The kobold hits you with a short sword!
You hit the kobold.
You kill the kobold!
The rat bites you but does no damage.
Casting: Infusion
Confirm with . or Enter, or press ? or * to list all spells.
You begin infusing your attacks with magical energy.
The rat bites you but does no damage.
Unknown command.
You closely miss the rat. The rat bites you but does no damage.
You hit the rat.
You kill the rat!
You closely miss the kobold. The kobold barely misses you.
You closely miss the kobold. The kobold misses you.
You closely miss the kobold. The kobold barely misses you.
You barely miss the kobold.
Your magical infusion is running out.
The kobold barely misses you. The kobold hits you.
You barely miss the kobold. The kobold hits you.
You hit the kobold but do no damage. The kobold hits you.
* * * LOW HITPOINT WARNING * * *
You closely miss the kobold. The kobold hits you.
* * * LOW HITPOINT WARNING * * *
You barely miss the kobold. The kobold closely misses you.
Unknown command.
You closely miss the kobold.
You are no longer magically infusing your attacks.
The kobold hits you.
You die...

######.# ♣..#
♣..## ♣...####
#♣......#
#.......#
#.......###
##........###
#....@.)...#
######K#...## .
#.##...##
#..##.......#..
#........r.K...
####...........
#...........
#..........
#..........


You could see a kobold.

Table legend:
 A = Kills in this place as a percentage of kills in entire the game.
 B = Kills by you in this place as a percentage of kills by you in the entire game.
 C = Kills by friends in this place as a percentage of kills by friends in the entire game.
 D = Other kills in this place as a percentage of other kills in the entire game.
 E = Experience gained in this place as a percentage of experience gained in the entire game.
 F = Experience gained in this place divided by the number of levels of this place that you have seen.
                   A       B       C       D       E      F
               +-------+-------+-------+-------+-------+----------------------
         Total | 100.0 | 100.0 |  -nan |  -nan | 100.0 |   2.0
       Dungeon | 100.0 | 100.0 |  -nan |  -nan | 100.0 |   2.0
               +-------+-------+-------+-------+-------+----------------------

Vanquished Creatures
  A kobold (D:1)
  A rat (D:1)
2 creatures vanquished.

Notes
Turn   | Place    | Note
--------------------------------------------------------------
     0 | D:1      | magipi, the Hill Orc Skald, began the quest for the Orb.
     0 | D:1      | Reached XP level 1. HP: 18/18 MP: 2/2
    49 | D:1      | Slain by a kobold

Action                   || total
-------------------------++-------
Melee: Hand axe          ||    12
 Cast: Infusion          ||     1

Action                   || total
-------------------------++-------
Melee: Hand axe          ||    12
 Cast: Infusion          ||     1

Action                   || total
-------------------------++-------
Melee: Hand axe          ||    12
 Cast: Infusion          ||     1
